 Dungeon Crawl Stone Soup version 0.18-a0-1666-g3ea6f2b (webtiles) character file.

296 George the Slasher (level 6, 0/51 HPs)
             Began as a Minotaur Fighter on Mar 31, 2016.
             Slain by an orc priest
             ... wielding a +0 flail
              (2 damage)
             ... on level 4 of the Dungeon.
             The game lasted 00:05:29 (2656 turns).

George the Slasher (Minotaur Fighter)               Turns: 2656, Time: 00:05:29

Health: 0/51       AC:  8    Str: 22    XL:     6   Next: 12%
Magic:  5/5        EV:  7    Int:  5    God:
Gold:   204        SH: 14    Dex: 10    Spells: 0 memorised, 5 levels left

rFire  . . .     SeeInvis .     a - +0 long sword
rCold  . . .     Gourm    .     b - +0 scale mail
rNeg   . . .     Faith    .     c - +0 shield
rPois  .         Spirit   .     (helmet restricted)
rElec  .         Dismiss  .     (no cloak)
rCorr  .         Reflect  +     A - +0 pair of gloves
SustAt .         Harm     .     (no boots)
MR     .....                    g - +5 amulet of reflection
Stlth  ..........               (no ring)
                                y - ring of flight

@: not resistant to hostile enchantments, extremely unstealthy
A: retaliatory headbutt, horns 2
a: Evoke Flight


You were on level 4 of the Dungeon.
You were not hungry.

You visited 1 branch of the dungeon, and saw 4 of its levels.

You collected 204 gold pieces.

Inventory:

Hand Weapons
 a - a +0 long sword (weapon)
 t - a +0 short sword of speed
Armour
 b - a +0 scale mail (worn)
 c - a +0 shield (worn)
 A - a +0 pair of gloves (worn)
Jewellery
 g - a +5 amulet of reflection (around neck)
 y - a ring of flight (left hand)
Scrolls
 h - 2 scrolls of identify {unknown}
 j - a scroll of recharging {unknown}
 k - 2 scrolls of remove curse {unknown}
 l - 3 scrolls of enchant armour {unknown}
 o - 2 scrolls of fog {unknown}
 p - 2 scrolls of immolation {unknown}
 x - a scroll of noise {unknown}
Potions
 d - a potion of might
 n - 2 potions of curing {unknown}
 r - a potion of invisibility {unknown}
 s - 2 potions of mutation {unknown}
 v - 2 potions of degeneration {unknown}
Comestibles
 f - 4 bread rations
 m - a slice of pizza
 u - 3 meat rations
 w - a beef jerky


   Skills:
 - Level 3.6 Fighting
 + Level 7.8 Long Blades
 - Level 3.6 Armour
 - Level 3.6 Shields


You had 5 spell levels left.
You didn't know any spells.

Dungeon Overview and Level Annotations

Branches:
Dungeon (4/15)
 Temple: D:4-7

Altars:
Elyvilon

Annotations:
D:1 dig


Innate Abilities, Weirdness & Mutations

You reflexively headbutt those who attack you in melee.
You have a pair of horns on your head.


Message History

You slash the orc!
You kill the orc!
You hit the jackal. You headbutt the jackal.
You kill the jackal!
You block the jackal's attack.
Your shield and scale mail prevent you from hitting the jackal.
You block the jackal's attack.
You barely miss the jackal. Your headbutt misses the jackal.
You block the jackal's attack. x2
You hit the jackal.
The jackal is severely wounded.
The jackal bites you but does no damage.
You barely miss the jackal. You headbutt the jackal.
You kill the jackal!
You slash the jackal!
You kill the jackal!
You hit the orc priest.
The orc priest is almost dead.
The orc priest hits you with a flail.
You die...

######## #......#
#......#
#......############
#.)....##.........#
#......o@.........#
#......##.........#
###
#......##.........#
#..
#......#######...###
#.. #......# ###...#
#.. #....... ###.#
#.. .....###
#.####.. .....
#..).#.. ##.#....


You could see an orc priest.

Vanquished Creatures
  Blork the orc (D:4)
  2 orc wizards (D:4)
  Jessica (D:3)
  7 adders
  4 worms
  A giant gecko (D:4)
  7 orcs
  A ball python (D:1)
  5 bats
  2 giant cockroaches (D:1)
  6 goblins
  8 hobgoblins
  4 jackals (D:4)
  A quokka (D:4)
  5 giant newts
  6 kobolds
  7 rats
68 creatures vanquished.

Notes
Turn   | Place    | Note
--------------------------------------------------------------
     0 | D:1      | George the Minotaur Fighter began the quest for the Orb.
     0 | D:1      | Reached XP level 1. HP: 19/19 MP: 0/0
   131 | D:1      | Reached skill level 3 in Long Blades
   203 | D:1      | Reached XP level 2. HP: 25/26 MP: 1/1
   910 | D:2      | Reached skill level 4 in Long Blades
  1060 | D:2      | Reached XP level 3. HP: 17/31 MP: 2/2
  1085 | D:2      | Reached skill level 5 in Long Blades
  1159 | D:2      | Found a white marble altar of Elyvilon.
  1414 | D:2      | Reached XP level 4. HP: 39/39 MP: 3/3
  1657 | D:3      | Noticed Jessica
  1665 | D:3      | Killed Jessica
  1693 | D:3      | Reached skill level 6 in Long Blades
  1839 | D:3      | Reached XP level 5. HP: 37/45 MP: 4/4
  2593 | D:4      | Noticed Blork the orc
  2603 | D:4      | Killed Blork the orc
  2603 | D:4      | Reached skill level 7 in Long Blades
  2641 | D:4      | Reached XP level 6. HP: 16/51 MP: 5/5
  2643 | D:4      | HP: 1/51 [orc priest/divine providence (9)]
  2656 | D:4      | Slain by an orc priest

Vault maps used:
D:1:      nicolae_arrival_memento_mori, minmay_misc_feat_hallway,
          minmay_surrounded
D:2:      lemuel_round_altar
D:3:      first_bread, uniq_jessica
D:4:      old_standard_altar, uniq_blork_the_orc

Skill      XL: |  1  2  3  4  5 |
---------------+----------------+-----
Long Blades    | 3 4 5 6 7 |  7.8
Fighting       | |  3.6
Armour         | |  3.6
Shields        | |  3.6

Action                   |  1- 3 |  4- 6 || total
-------------------------+-------+-------++-------
Melee: Long sword        |    99 |   101 ||   200
  Eat: Chunk             |     1 |     5 ||     6
